[Event "Early-Titled-Tuesday-Blitz-January-23-2024"]
[Site "Chess.com"]
[Date "2024.01.23"]
[Round "4"]
[White "Chernov_Mikhail"]
[Black "Sajith_Peiris"]
[Result "1-0"]
[WhiteElo "2386"]
[BlackElo "2225"]
[TimeControl "180+1"]
[EndTime "8:38:48 PST"]
[Termination "Chernov_Mikhail won by resignation"]

1. e4 c6 2. d4 d5 3. exd5 cxd5 4. Bd3 Nf6 5. Bf4 Nc6 6. c3 Bg4 7. Nf3 e6 8. O-O Bd6 9. Bg5 h6 10. Bh4 O-O 11. Nbd2 Be7 12. h3 Bh5 13. Qc2 Rc8 14.
a3 Bxf3 15. Nxf3 a6 16. Qe2 b5 17. Rae1 Qb6 18. Ne5 Qb7 19. g4 Nxe5 20. dxe5 Ne8 21. Bxe7 Qxe7 22. f4 Nc7 23. f5 a5 24. f6 Qc5+ 25. Kh2 g6 26. Qc2 Kh7 27. h4 d4 28. h5 Rg8 29. hxg6+ fxg6 30. f7 Rg7 31. Rf6 Nd5 32. Rxg6 Rxg6 33. Bxg6+ Kg7 34. Bh5 Nf4 35. Qe4 Nxh5 36. gxh5 dxc3 37. Qg6+ Kf8 38. Qxh6+ Kxf7 39. Rf1+ Ke7 40. Qg7+ 1-0

[Event "Early-Titled-Tuesday-Blitz-January-23-2024"]
[Site "Chess.com"]
[Date "2024.01.23"]
[Round "4"]
[White "Casper"]
[Black "Bigfish1995"]
[Result "0-1"]
[WhiteElo "2560"]
[BlackElo "3116"]
[TimeControl "180+1"]
[EndTime "8:38:50 PST"]
[Termination "Bigfish1995 won on time"]

1. Nf3 d5 2. b3 c5 3. Bb2 Nc6 4. e3 a6 5. d4 Nf6 6. dxc5 e6 7. c4 Bxc5 8. cxd5 exd5 9. Bd3 O-O 10. O-O Re8 11. Nc3 Bg4 12. h3 Bxf3 13. Qxf3 Ne5 14. Qd1 d4 15. Na4 Ba7 16. exd4 Nxd3 17. Qxd3 b5 18. Nc3 Qxd4 19. Rad1 Qh4 20. Nd5 Nxd5 21. Qxd5 h6 22. Qb7 Bc5 23. Rd7 Ra7 24. Qd5 Rxd7 25. Qxd7 Re2 26. Qc8+ Bf8 27. Qc3 b4 28. Qc1 a5 29. a3 Qe4 30. axb4 axb4 31. Ba1 Qd3 32. Qd1 Rd2 33. Qc1 Rc2 34. Qd1 Qxb3 35. Re1 Qc4 36.
Qd8 Rc1 37. Qe8 b3 38. Kh2 Rxe1 39. Qxe1 Qc2 40. Qe5 Qxf2 41. Bd4 Qc2 42. Qb5 Qe4 0-1

[Event "Early-Titled-Tuesday-Blitz-January-23-2024"]
[Site "Chess.com"]
[Date "2024.01.23"]
[Round "4"]
[White "SmirnovTimofey2000"]
[Black "kai_nov"]
[Result "0-1"]
[WhiteElo "1950"]
[BlackElo "2295"]
[TimeControl "180+1"]
[EndTime "8:38:50 PST"]
[Termination "kai_nov won on time"]

1. e4 c5 2. c3 e6 3. d4 cxd4 4. cxd4 d5 5. e5 Nc6 6. Nc3 Bb4 7. Nf3 Nge7 8. Bg5 O-O 9. Bd3 h6 10. Bh4 Qa5 11. Qb3 Ng6 12. O-O Nxh4 13. Nxh4 Nxd4 14. Qd1 Bxc3 15. bxc3 Qxc3 16. Rc1 Qa5 17. Bh7+ Kxh7 18. Qxd4 Bd7 19. Rc5 Qb6 20. Rfc1 Rac8 21. Qd3+ g6 22.
Qc2 Rxc5 23. Qxc5 Rc8 24. Qa3 Qb4 25. Qe3 Qd4 26. Qa3 Rxc1+ 27. Qxc1 Qxe5 28. Nf3 Qd6 29. h3 Qc6 30. Qb1 b6 31. Nh2 e5 32. Ng4 Bxg4 33. hxg4 d4 34. Qd3 Qd5 35. f3 Qxa2 36. Qe4 Qe6 37.
g5 hxg5 38. Qd3 a5 39. Qb5 Qd6 40. Qd3 Kg7 41. Qe4 a4 42. Qd3 a3 43. Qc2 d3 0-1

[Event "Early-Titled-Tuesday-Blitz-January-23-2024"]
[Site "Chess.com"]
[Date "2024.01.23"]
[Round "4"]
[White "Chessdude1987"]
[Black "Shodikulov_Jamshid1990"]
[Result "0-1"]
[WhiteElo "2273"]
[BlackElo "2485"]
[TimeControl "180+1"]
[EndTime "8:38:51 PST"]
[Termination "Shodikulov_Jamshid1990 won by resignation"]

1. e4 c5 2. Nf3 e6 3. d4 cxd4 4. Nxd4 a6 5. Nc3 b5 6. g3 Bb7 7. Bg2 b4 8. Nce2 Nf6 9. Qd3 Qc7 10. O-O Nc6 11. Nxc6 Bxc6 12. Nd4 Bb7 13. Bd2 Be7 14. c3 bxc3 15. Bxc3 O-O 16. Rfd1 Rfc8 17. e5 Nd5 18. Rac1 Qb6 19. Nf5 Bc5 20. Nd6 Bxd6 21. exd6 Nxc3 22.
Rxc3 Bxg2 23. Kxg2 Qxb2 24. Rdc1 Rxc3 25. Rxc3 Qxa2 26.
Rc7 Qa4 27. Qc3 h5 28. Rc4 Qb5 29. Rc5 Qb7+ 30. Kh3 g6 31. Rc7 Qb5 32. Kg2 Qd5+ 33.
Kf1 Qxd6 34. Rc4 a5 35. Rd4 Qa6+ 36. Kg1 Qb7 37. Qd2 d5 38. g4 hxg4 39. Rxg4 Qb1+ 40. Kg2 Qf5 41. Rh4 Qf6 42. Qh6 Qg7 43. Qc1 a4 44. Qc6 Qf8 45. Qc3 Qg7 46. Qc6 Rf8 47. Qxa4 Qf6 48.
Qg4 Kg7 49. Rh3 Qf5 50. Qh4 Qe4+ 51. Qxe4 dxe4 52. Rh4 f5 53. Kg3 Kf6 54. Kf4 g5+ 0-1

[Event "Early-Titled-Tuesday-Blitz-January-23-2024"]
[Site "Chess.com"]
[Date "2024.01.23"]
[Round "4"]
[White "hmatyi07"]
[Black "verrbaa"]
[Result "0-1"]
[WhiteElo "2187"]
[BlackElo "2492"]
[TimeControl "180+1"]
[EndTime "8:38:52 PST"]
[Termination "verrbaa won by resignation"]

1. e4 c5 2. Nf3 e6 3. d4 cxd4 4. Nxd4 Nc6 5. Nc3 d6 6. g4 Nge7 7. Be3 Nxd4 8. Bxd4 Nc6 9. Bb5 Bd7 10. Bxc6 Bxc6 11.
f3 b5 12. Qd2 h5 13. O-O-O hxg4 14. fxg4 Be7 15. Kb1 b4 16. Ne2 e5 17. Be3 Bxe4 18.
Rhe1 Rc8 19. Rc1 Rxh2 20. Qxb4 d5 21. Qa4+ Qd7 22. Qxa7 Qxa7 23. Bxa7 Bb4 24. Nc3 Bxc3 25.
bxc3 f6 26. Kb2 Rc7 27. Be3 Rb7+ 28. Ka1 Bxc2 29. Rh1 Re2 30. Rhe1 Rxe1 31. Rxe1 Bd3 32.
g5 Kf7 33. gxf6 gxf6 34. a3 Ke6 35. Ka2 Bc4+ 36. Ka1 Rb3 37. Bc5 Rxc3 38. Bb4 Rc2 39. Rg1 d4 40. Kb1 Re2 41. a4 e4 42. a5 d3 43. a6 Bxa6 44. Bc3 e3 45. Rf1 Rf2 46.
Rxf2 exf2 0-1

[Event "Early-Titled-Tuesday-Blitz-January-23-2024"]
[Site "Chess.com"]
[Date "2024.01.23"]
[Round "4"]
[White "Titus369"]
[Black "Grandelicious"]
[Result "0-1"]
[WhiteElo "2660"]
[BlackElo "2905"]
[TimeControl "180+1"]
[EndTime "8:38:53 PST"]
[Termination "Grandelicious won by resignation"]

1. e4 c5 2. Nf3 e6 3. d4 cxd4 4. Nxd4 a6 5. Nc3 b5 6. g3 Bb7 7.
Bg2 Nc6 8. O-O Nxd4 9. Qxd4 Ne7 10. a4 Nc6 11. Qd1 b4 12. Ne2 Be7 13. f4 O-O 14. Be3 Qc7 15. g4 Rac8 16. c4 bxc3 17. Nxc3 Nb4 18.
Kh1 d5 19. exd5 Rfd8 20. f5 Nxd5 21. Nxd5 Bxd5 22. Bxd5 Rxd5 23. Qf3 Bf6 24. fxe6 fxe6 25. g5 Bxb2 26. Rab1 Rf5 27. Qg2 Rxf1+ 28. Rxf1 Be5 29.
g6 hxg6 30. Qxg6 Qd7 31. Qe4 Qd5 32. Qxd5 exd5 33. Rd1 d4 34. Bd2 Kf7 35. Kg2 Ke6 36. Kf3 Kd5 37. h4 Rf8+ 38. Ke2 Ke4 39. Rg1 d3+ 40.
Kd1 Bd4 41. Rg4+ Kd5 42. Bb4 Rf2 43. Ba5 Be3 44. Rg3 Ke4 45. Rxe3+ Kxe3 46. Bb6+ Kf3 47. Bxf2 Kxf2 48. Kd2 Kg3 49. Kxd3 Kxh4 50. Kc4 g5 51. Kc5 g4 52. Kb6 g3 53. Kxa6 g2 54. a5 g1=Q 55.
Kb7 Qg2+ 56. Kb6 Qf2+ 57. Kb7 Qf3+ 58. Ka7 Qe3+ 59. Kb7 Qe4+ 60. Kb8 Qe5+ 61. Kb7 Qxa5 0-1

[Event "Early-Titled-Tuesday-Blitz-January-23-2024"]
[Site "Chess.com"]
[Date "2024.01.23"]
[Round "4"]
[White "Revan_2002"]
[Black "masnyszachistaaa"]
[Result "1-0"]
[WhiteElo "2362"]
[BlackElo "2517"]
[TimeControl "180+1"]
[EndTime "8:38:53 PST"]
[Termination "Revan_2002 won on time"]

1. d4 Nf6 2. c4 c5 3. e3 e6 4. Nf3 cxd4 5. exd4 d5 6. Nc3 Bb4 7. Bg5 O-O 8. Bd3 dxc4 9. Bxc4 b6 10. O-O Bb7 11. Ne5 Nc6 12. Nf3 Be7 13. a3 Rc8 14. Ba2 Na5 15. Qd3 Bxf3 16. Qxf3 Qxd4 17. Rad1 Qc5 18. Rfe1 Qc6 19. Qh3 Nc4 20. Bb1 g6 21.
Ne4 Nd5 22. Bxe7 Nxe7 23. Qh6 f6 24. Ba2 Nd5 25. Bxc4 Qxc4 26. Nd6 Qc7 27. Nxc8 Qxc8 28. Rxd5 exd5 29. Re7 Rf7 30. Rxf7 Kxf7 31. Qxh7+ Ke6 32. g3 Qc2 33. Qh3+ f5 34. Qh7 Qb1+ 35. Kg2 Qe4+ 36.
f3 Qc2+ 37. Kh3 Kf6 38. Qd7 Qxb2 39. Qd6+ Kg5 40. Qf8 1-0

[Event "Early-Titled-Tuesday-Blitz-January-23-2024"]
[Site "Chess.com"]
[Date "2024.01.23"]
[Round "4"]
[White "Szczor"]
[Black "Aleksandar-Topalov"]
[Result "1-0"]
[WhiteElo "2589"]
[BlackElo "2337"]
[TimeControl "180+1"]
[EndTime "8:38:54 PST"]
[Termination "Szczor won by resignation"]

1. d4 Nf6 2. c4 c5 3. d5 d6 4.
Nc3 g6 5. h4 h6 6. e4 Bg7 7. f3 e6 8. Be3 a6 9. Qd2 exd5 10. cxd5 b5 11. a4 b4 12. Nd1 a5 13.
Nh3 h5 14. Ng5 Nbd7 15. Bb5 O-O 16. O-O Ne5 17. Nf2 Bd7 18. Be2 c4 19. Bd4 Rc8 20.
Rfc1 Qe8 21. Bb6 c3 22. bxc3 bxc3 23. Qe3 Bxa4 24. Bxa5 c2 25. Bb4 Qd7 26. Qb6 Rfd8 27.
Qxd6 Qxd6 28. Bxd6 Rxd6 29. Rxa4 Bh6 30. Ra2 Nh7 31. f4 Nd7 32. Raxc2 Rxc2 33. Rxc2 f6 34.
Ne6 Nhf8 35. Bc4 Nb6 36. Ba2 Nbd7 37. g3 Kf7 38. Rc7 Ke7 39. Nxf8 Kxf8 40. Nd3 Ke7 41.
e5 fxe5 42. fxe5 Ra6 43. Rxd7+ Kxd7 44. Nc5+ Ke7 45. Nxa6 Be3+ 46. Kg2 Bd4 47. d6+ Kd7 48. Nb8+ Kc8 49. d7+ Kc7 50. d8=Q+ Kxd8 51. Nc6+ Kd7 52. Nxd4 1-0

[Event "Early-Titled-Tuesday-Blitz-January-23-2024"]
[Site "Chess.com"]
[Date "2024.01.23"]
[Round "4"]
[White "Rikikits"]
[Black "Denis_Makhnyov"]
[Result "0-1"]
[WhiteElo "2843"]
[BlackElo "3026"]
[TimeControl "180+1"]
[EndTime "8:38:56 PST"]
[Termination "Denis_Makhnyov won on time"]

1. d4 Nf6 2. c4 e6 3. Nf3 h6 4. e3 b6 5. Bd3 Bb7 6. O-O d5 7.
Nbd2 Nbd7 8. b3 Be7 9. Bb2 O-O 10. cxd5 exd5 11. Ne5 c5 12. Bf5 Bd6 13. Rc1 Qe7 14. Nxd7 Nxd7 15. dxc5 bxc5 16. Nf3 Rad8 17. Re1 Rfe8 18.
Bh3 Nf6 19. g3 Ne4 20. Bg2 a5 21. Nd2 Ng5 22. h4 Ne6 23. Qg4 a4 24. e4 d4 25.
Nc4 axb3 26. axb3 Bc7 27. Ra1 Ra8 28. Rxa8 Rxa8 29. Bc1 Ra1 30. Bd2 Rxe1+ 31. Bxe1 Qd7 32. Bd2 Qb5 33. Qd1 Qa6 34. e5 d3 35. Qg4 Bxg2 36.
Kxg2 Qb7+ 37. Qf3 Qxb3 38. Qd5 Bxe5 39. Be3 Bd4 40. Qa8+ Kh7 41. Qe4+ g6 42. Nd6 Bxe3 43. Nxf7 d2 44. h5 Nf4+ 45. gxf4 Qxf7 46. Qd3 Bxf4 0-1

[Event "Early-Titled-Tuesday-Blitz-January-23-2024"]
[Site "Chess.com"]
[Date "2024.01.23"]
[Round "4"]
[White "isaak2009"]
[Black "MusicCityMaster"]
[Result "1-0"]
[WhiteElo "2652"]
[BlackElo "2422"]
[TimeControl "180+1"]
[EndTime "8:38:56 PST"]
[Termination "isaak2009 won on time"]

1. Nf3 d5 2. g3 c5 3. Bg2 Nf6 4. O-O e6 5. d3 Nc6 6. Nbd2 Be7 7. e4 O-O 8. Re1 Qc7 9. e5 Nd7 10. Qe2 b5 11. Nf1 a5 12. Bf4 b4 13. h4 Ba6 14. Qd2 Nd4 15. Nxd4 cxd4 16. Nh2 Rfc8 17. Re2 a4 18. Nf3 Qb6 19. h5 b3 20. cxb3 axb3 21. axb3 Nc5 22. Nxd4 Nxd3 23. Be3 Qb7 24. Bg5 Bb4 25.
Qe3 Bc5 26. Rd2 Bxd4 27. Qxd4 Nc5 28. Ra3 Nxb3 29. Rxb3 Qxb3 30. Qg4 Rc1+ 31. Kh2 Qc4 32. Bf4 Rc2 33. Rxc2 Qxc2 34. h6 Qg6 35. Qd1 Bc4 36.
hxg7 Kxg7 37. b3 Bd3 38. Qd2 Ra1 39. Bg5 Be4 40. Bf6+ Kg8 41. f3 Qh5+ 42. Bh4 Bf5 43.
Qc3 Kg7 44. Qxa1 1-0

[Event "Early-Titled-Tuesday-Blitz-January-23-2024"]
[Site "Chess.com"]
[Date "2024.01.23"]
[Round "4"]
[White "TioCridineno"]
[Black "Chernobay_Artem"]
[Result "0-1"]
[WhiteElo "2414"]
[BlackElo "2613"]
[TimeControl "180+1"]
[EndTime "8:38:56 PST"]
[Termination "Chernobay_Artem won by resignation"]

1. e4 e6 2. d4 d5 3. Nc3 Nf6 4.
e5 Nfd7 5. Nce2 c5 6. c3 Nc6 7. Nf3 Be7 8. a3 a5 9. h4 h6 10.
Nf4 O-O 11. Bd3 cxd4 12. cxd4 Re8 13. Bc2 Nf8 14. g3 b5 15. Kf1 f5 16. exf6 Bxf6 17. Kg2 Bb7 18. Re1 e5 19. Nxe5 Nxe5 20. dxe5 Bxe5 21.
Rxe5 Rxe5 22. Nd3 d4+ 23. Kh2 Re8 24. Nc5 Bc6 25. Bb3+ Kh8 26. Qg4 d3 27. Be3 Qd6 28. Qf4 Qxf4 29. gxf4 Rad8 30. Rd1 Bf3 31. Rxd3 Rxd3 32.
Nxd3 Ng6 33. Kg3 Be2 34. Nc5 Ne7 35. Be6 Rf8 36. Nd7 Rc8 37. b4 Rc3 38. Kg2 Rxa3 39. Bc5 Nc6 40. bxa5 Bf3+ 41. Kh2 Rxa5 42. Nf8 Be4 43.
f5 Ne5 44. Bd6 Nf3+ 45. Kg2 Nxh4+ 46. Kg3 Bxf5 47. Kxh4 Bxe6 48. Nxe6 Ra6 49. Nd4 Rxd6 50. Nxb5 Rc6 51. Kg3 Rc4 52. Nd6 Rb4 53. Nf7+ Kg8 54.
Ne5 g5 55. f4 Rxf4 0-1

[Event "Early-Titled-Tuesday-Blitz-January-23-2024"]
[Site "Chess.com"]
[Date "2024.01.23"]
[Round "4"]
[White "Vazabanga"]
[Black "LeoLV10"]
[Result "1-0"]
[WhiteElo "2668"]
[BlackElo "2431"]
[TimeControl "180+1"]
[EndTime "8:38:58 PST"]
[Termination "Vazabanga won on time"]

1. d4 Nf6 2. c4 c5 3. d5 e6 4. g3 exd5 5. cxd5 d6 6. Nc3 g6 7.
Bg2 Bg7 8. Nf3 O-O 9. O-O a6 10. a4 Re8 11. Nd2 Nbd7 12. Nc4 Nb6 13. Na3 Bd7 14.
Re1 Ng4 15. a5 Nc8 16. h3 Nf6 17. Nc4 Qc7 18. e4 b6 19. e5 Nh5 20. axb6 Nxb6 21. exd6 Rxe1+ 22. Qxe1 Qb8 23. Qe7 Bf6 24. Nxb6 Bxe7 25.
Nxa8 Qxd6 26. Ne4 Qb8 27. Rxa6 f5 28. d6 Bd8 29. Nxc5 Qb5 30. Be3 Bc8 31. Ra2 Qc4 32.
b3 Qc3 33. d7 Bxd7 34. Nxd7 Qe1+ 35. Kh2 f4 36. gxf4 Bc7 37. Ne5 g5 38. Nxc7 gxf4 39. Nd3 Qb1 40. Nxf4 Nxf4 41. Bxf4 Qxa2 42. Bg3 Kg7 43.
Bd5 Qe2 44. b4 1-0

[Event "Early-Titled-Tuesday-Blitz-January-23-2024"]
[Site "Chess.com"]
[Date "2024.01.23"]
[Round "4"]
[White "Oleksandr_Bortnyk"]
[Black "MatthewG-p4p"]
[Result "1-0"]
[WhiteElo "3087"]
[BlackElo "2887"]
[TimeControl "180+1"]
[EndTime "8:38:59 PST"]
[Termination "Oleksandr_Bortnyk won by resignation"]

1. e4 e6 2. Nf3 d5 3. e5 c5 4. b4 cxb4 5. d4 Nc6 6. a3 Bd7 7.
axb4 Bxb4+ 8. c3 Be7 9. Bd3 b5 10.
h4 b4 11. h5 Nh6 12. Bxh6 gxh6 13. O-O a5 14. c4 a4 15. cxd5 exd5 16. Nbd2 b3 17.
Qb1 Qb8 18. Nxb3 axb3 19. Rxa8 Qxa8 20. Qxb3 Qa3 21. Qb1 Qb4 22. Qa2 Qa5 23. Qb2 O-O 24. Qc1 Nb4 25. Bb1 Qb6 26. Re1 Qe6 27. Qd2 Nc6 28. Qf4 Kh8 29. Nh4 Bg5 30. Qg3 Nxd4 31. Qd3 f5 32. Qxd4 Rc8 33. Nxf5 Rc4 34. Qd3 Kg8 35.
Nd6 Qe7 36. Nxc4 dxc4 37. Qxc4+ Be6 38. Qe4 Qf7 39. Bd3 Bd5 40. Qf5 Be6 41. Qxf7+ Bxf7 42. g4 Be6 43. f3 Bf4 44. Kg2 Kg7 45. Bf5 Bd5 46. e6 Kf8 47. e7+ 1-0

[Event "Early-Titled-Tuesday-Blitz-January-23-2024"]
[Site "Chess.com"]
[Date "2024.01.23"]
[Round "4"]
[White "CrimeFightingSpider07"]
[Black "SashaKuzhilniy"]
[Result "0-1"]
[WhiteElo "2461"]
[BlackElo "2653"]
[TimeControl "180+1"]
[EndTime "8:38:59 PST"]
[Termination "SashaKuzhilniy won by resignation"]

1. Nf3 d5 2. g3 g6 3. Bg2 Bg7 4. d4 c6 5. O-O Nf6 6. c4 dxc4 7.
Nbd2 b5 8. a4 O-O 9. Ne5 Nd5 10.
e4 Nb4 11. axb5 cxb5 12. Nef3 Bb7 13. d5 Nd7 14. Nb1 Nc5 15. Nc3 Nb3 16. Rb1 Nd3 17.
Be3 b4 18. Ne2 a5 19. Ned4 a4 20. Nxb3 axb3 21. Nd2 Ba6 22. Nxb3 cxb3 23. Qxb3 Qa5 24. Ra1 Qb5 25. Rfb1 Nc5 26. Qc2 Rfc8 27. Bf1 Nd3 28. Rxa6 Qxa6 29. Qxd3 Qxd3 30. Bxd3 b3 31. f4 Ra2 32. e5 f6 33. Bd4 Kf8 34. Kf2 Rca8 35. Bc4 R2a4 36. exf6 Bxf6 37. Bxf6 exf6 38. Bxb3 Rb4 39.
Bc2 Rc8 40. Bd3 Rd8 41. Ke3 Rxd5 42. b3 Rdd4 43. Bc4 Rdxc4 0-1

[Event "Early-Titled-Tuesday-Blitz-January-23-2024"]
[Site "Chess.com"]
[Date "2024.01.23"]
[Round "4"]
[White "StankovicIvan"]
[Black "alvarorodriguezavila"]
[Result "1-0"]
[WhiteElo "2523"]
[BlackElo "2304"]
[TimeControl "180+1"]
[EndTime "8:38:59 PST"]
[Termination "StankovicIvan won on time"]

1. e4 c5 2. c4 Nc6 3. Nc3 g6 4. g3 Bg7 5. Bg2 e6 6. Nge2 Nge7 7. d3 h5 8. h3 h4 9. g4 d5 10. e5 dxc4 11. dxc4 Qxd1+ 12. Nxd1 Nxe5 13. Ne3 Nd3+ 14.
Kd2 Nb4 15. a3 Nbc6 16. Kc2 Nd4+ 17. Nxd4 cxd4 18. Nf1 Nc6 19. Bd2 Bd7 20. Rd1 d3+ 21. Kb1 Ne5 22. b3 Bc6 23. Bxc6+ Nxc6 24. Bg5 f6 25.
Be3 O-O-O 26. Nd2 Rd7 27. Ne4 f5 28. Nc5 Rd6 29. gxf5 gxf5 30. Rhg1 Bf8 31. Nxd3 Rd7 32. b4 Be7 33. Nf4 e5 34. Nd5 f4 35. Bxa7 Bd8 36.
Bb6 Kb8 37. b5 Nd4 38. Bxd4 exd4 39. Rxd4 Bc7 40. Re4 Bd6 41. Kb2 Rc8 42. Kb3 f3 43. Rgg4 Bc5 44. Rxh4 Bxf2 45. Rhf4 Rxd5 46. cxd5 Rc1 47.
Rxf3 Be1 48. b6 1-0

[Event "Early-Titled-Tuesday-Blitz-January-23-2024"]
[Site "Chess.com"]
[Date "2024.01.23"]
[Round "4"]
[White "Yurasova_Daria"]
[Black "sofaceindisguise"]
[Result "1-0"]
[WhiteElo "2451"]
[BlackElo "2686"]
[TimeControl "180+1"]
[EndTime "8:39:00 PST"]
[Termination "Yurasova_Daria won by checkmate"]

1. d4 Nf6 2. Bg5 Ne4 3. Bf4 g5 4. Bc1 h6 5. Nd2 Nxd2 6. Bxd2 Bg7 7. c3 d6 8. e4 Nc6 9. Bd3 e5 10. d5 Ne7 11. Ne2 f5 12. f3 f4 13. Qc2 O-O 14. O-O-O a6 15. Kb1 b5 16. Rc1 c5 17. dxc6 Nxc6 18. c4 b4 19. c5 Kh8 20. Bc4 Rb8 21. Rhd1 Nd4 22. Nxd4 exd4 23. c6 Qc7 24. Bd5 a5 25.
Qc4 Rb6 26. Be1 Ba6 27. Qb3 Be2 28. Rd2 d3 29. Bf2 Rb5 30. Qc4 Rfb8 31. Bd4 Rc5 32. Bxc5 dxc5 33. Qxc5 a4 34. Bc4 a3 35. Bxd3 b3 36.
Rxe2 bxa2+ 37. Kxa2 axb2 38. Rb1 Ra8+ 39. Kb3 Rb8+ 40.
Kc2 Rb6 41. Bb5 Rb8 42. Rd2 Qa5 43. c7 Rc8 44. Rd8+ Rxd8 45. cxd8=Q+ Qxd8 46. Qd5 Qc7+ 47. Bc4 Qb6 48. Qg8# 1-0

[Event "Early-Titled-Tuesday-Blitz-January-23-2024"]
[Site "Chess.com"]
[Date "2024.01.23"]
[Round "4"]
[White "LevonAronian"]
[Black "Sargsyan_Shant"]
[Result "1-0"]
[WhiteElo "3120"]
[BlackElo "2916"]
[TimeControl "180+1"]
[EndTime "8:39:01 PST"]
[Termination "LevonAronian won by resignation"]

1. e4 g6 2. d4 Nf6 3. Bd3 d6 4. Nf3 Bg7 5. O-O O-O 6. Re1 Nc6 7. h3 e5 8. c3 Re8 9. Na3 a6 10. Nc2 b5 11. a4 Rb8 12. axb5 axb5 13. d5 Ne7 14. Nb4 Bd7 15. Bg5 h6 16. Bxf6 Bxf6 17. Qe2 c5 18. dxc6 Nxc6 19. Nd5 b4 20. Bb5 bxc3 21.
bxc3 Kg7 22. Red1 h5 23. c4 Re6 24. Ra6 Nd4 25. Nxd4 exd4 26. Nxf6 Rxf6 27. Rxd4 Qc7 28. e5 Re6 29. Raxd6 Bc8 30. Qe3 Ra8 31. Qg5 Qe7 32. Qxe7 Rxe7 33. f4 Be6 34. Bc6 Ra1+ 35. Kh2 h4 36. Bd7 Bxd7 37. Rxd7 Re6 38. R4d6 Re8 39. Rf6 Rf8 40. c5 Rc1 41. c6 Kh6 42. c7 Kg7 43. f5 gxf5 44. Rxf5 Kg6 45. Rf6+ Kg7 46. Rf4 Rc5 47.
e6 1-0

[Event "Early-Titled-Tuesday-Blitz-January-23-2024"]
[Site "Chess.com"]
[Date "2024.01.23"]
[Round "4"]
[White "Zavgorodniy_Sergiy"]
[Black "jefferyx"]
[Result "1/2-1/2"]
[WhiteElo "2619"]
[BlackElo "2996"]
[TimeControl "180+1"]
[EndTime "8:39:01 PST"]
[Termination "Game drawn - insufficient material"]

1. e4 c5 2. Nf3 d6 3. c3 Nf6 4. Bc4 e6 5. Qe2 a6 6. d4 b5 7. Bd3 Nbd7 8. e5 Nd5 9. O-O cxd4 10. cxd4 Bb7 11. Ng5 dxe5 12. dxe5 Nc5 13. Bc2 Nb4 14. Nc3 Nxc2 15. Qxc2 Qd3 16. Qxd3 Nxd3 17. Rd1 Rd8 18. Nge4 Nxc1 19. Rxd8+ Kxd8 20. Rxc1 Be7 21. Nd6 Bxd6 22.
Rd1 Ke7 23. Rxd6 Rc8 24. Rb6 Rc7 25. f4 Kd7 26. Kf2 Kc8 27. g3 Rc4 28. Ke3 Kc7 29.
Rd6 b4 30. Ne2 Rc2 31. Rd2 Rxd2 32. Kxd2 Bd5 33. a3 bxa3 34. bxa3 Kb6 35. Kc3 Kb5 36. Nd4+ Kc5 37. Nc2 f6 38. exf6 gxf6 39. Nb4 Bb7 40. g4 a5 41. Nc2 Kd5 42. Kd3 Ba6+ 43. Ke3 Kc4 44. Nd4 Bc8 45. g5 fxg5 46. fxg5 e5 47. Nc6 a4 48. Nxe5+ Kb3 49. Nd3 Kxa3 50. Nc5 Kb4 51.
Nxa4 Kxa4 52. Kf4 Be6 53. Ke5 Bg4 54. Kf6 Bh5 55. Kg7 Bg6 56. h4 Kb5 57. h5 Bf5 58.
g6 Bxg6 59. hxg6 hxg6 60. Kxg6 1/2-1/2

[Event "Early-Titled-Tuesday-Blitz-January-23-2024"]
[Site "Chess.com"]
[Date "2024.01.23"]
[Round "4"]
[White "HanSchut"]
[Black "GiftedThing"]
[Result "1-0"]
[WhiteElo "2264"]
[BlackElo "2415"]
[TimeControl "180+1"]
[EndTime "8:39:02 PST"]
[Termination "HanSchut won by checkmate"]

1. e4 e5 2. Nf3 Nc6 3. Bc4 Nf6 4. d4 exd4 5. e5 d5 6. Bb5 Ne4 7. Nxd4 Bd7 8. Bxc6 bxc6 9. O-O Bc5 10. f3 Ng5 11. Be3 O-O 12. f4 Ne4 13. Nd2 Nxd2 14. Qxd2 f6 15.
Nb3 Bb6 16. Qc3 fxe5 17. fxe5 Qe7 18. Nc5 Rxf1+ 19. Rxf1 Re8 20. Bd4 h6 21. b4 Bg4 22.
a4 Be2 23. Re1 Bc4 24. e6 a5 25. Qe3 axb4 26. Nd7 Bxd4 27. Qxd4 Qd6 28. Nc5 Re7 29. h3 b3 30. cxb3 Bxb3 31. a5 Bc4 32. a6 Re8 33. a7 Qg3 34. Qe3 Qg6 35. e7 Qf7 36. Nd7 Qf5 37. Nb6 cxb6 38. Qxb6 Qf7 39. Qb7 Qf6 40. a8=Q Rxa8 41. Qxa8+ Kh7 42. e8=Q Qd4+ 43.
Qe3 Qf6 44. Qae8 c5 45. Q8e6 Qb2 46. Qf5+ Kh8 47. Qe8# 1-0

[Event "Early-Titled-Tuesday-Blitz-January-23-2024"]
[Site "Chess.com"]
[Date "2024.01.23"]
[Round "4"]
[White "Felix-Rose"]
[Black "UnTucopalaTimba"]
[Result "1-0"]
[WhiteElo "2295"]
[BlackElo "1965"]
[TimeControl "180+1"]
[EndTime "8:39:02 PST"]
[Termination "Felix-Rose won on time"]

1. d4 Nf6 2. c4 e6 3. Nc3 Bb4 4.
e3 c5 5. Ne2 b6 6. a3 Bxc3+ 7.
Nxc3 Bb7 8. d5 d6 9. g3 exd5 10. Bg2 O-O 11. O-O Nc6 12. Nxd5 Rb8 13. Nc3 Na5 14.
b3 Bxg2 15. Kxg2 Qe7 16. Bb2 Rfd8 17. Re1 Qe6 18. e4 Ng4 19. Nd5 Ne5 20. f4 Nec6 21.
Qd3 Nd4 22. Bxd4 cxd4 23. Nb4 Rbc8 24. Rab1 b5 25. Qxd4 bxc4 26. bxc4 Nxc4 27. Nd5 Nb6 28. f5 Qh6 29. Ne7+ Kh8 30. Nxc8 Rxc8 31. Rbd1 Rc2+ 32. Kf3 Qh5+ 33. Ke3 Qg5+ 34. Kd3 Rc8 35. Qxd6 Rd8 36. Kc2 Rxd6 37. Rxd6 h6 38. Red1 Nc4 39. Rd8+ Kh7 40.
R1d3 Qe7 41. R8d7 1-0

[Event "Early-Titled-Tuesday-Blitz-January-23-2024"]
[Site "Chess.com"]
[Date "2024.01.23"]
[Round "4"]
[White "wonderfultime"]
[Black "kleinebeer98"]
[Result "1-0"]
[WhiteElo "3040"]
[BlackElo "2850"]
[TimeControl "180+1"]
[EndTime "8:39:03 PST"]
[Termination "wonderfultime won by resignation"]

1. d4 Nf6 2. Nf3 Nc6 3. Bf4 d6 4. h3 g6 5. e3 Bg7 6. Be2 O-O 7. O-O Rb8 8. Bh2 b5 9. Nbd2 a5 10. c3 b4 11. e4 Bd7 12. Qc2 a4 13. a3 b3 14. Qd3 Na5 15. c4 Ne8 16. Rac1 c5 17.
Rfd1 cxd4 18. Nxd4 Rc8 19. N2f3 Qb6 20. e5 dxe5 21.
Nxe5 Nf6 22. Qe3 Rfd8 23. c5 Qa7 24. Nxd7 Rxd7 25. Bb5 Rd5 26. Bxa4 Rcd8 27. c6 Nxc6 28. Bxc6 Rxd4 29. Rxd4 Rxd4 30. Be5 Nh5 31. Qxd4 Qxd4 32. Bxd4 Bxd4 33. Rb1 Nf4 34. Bb5 e5 35. Bc4 Kg7 36. a4 f5 37. a5 e4 38. a6 e3 39. fxe3 Bxe3+ 40. Kf1 Ba7 41. Rd1 Kf6 42. Rd7 Be3 43. Bxb3 Nh5 44. a7 Ng3+ 45. Ke1 Bxa7 46. Rxa7 h5 47.
Bc4 Kg5 48. b4 Kh4 49. b5 g5 50. b6 Ne4 51. b7 Nd6 52. b8=Q Nxc4 53. Ra4 1-0

[Event "Early-Titled-Tuesday-Blitz-January-23-2024"]
[Site "Chess.com"]
[Date "2024.01.23"]
[Round "4"]
[White "Ginger_GM"]
[Black "chess_blitz00"]
[Result "1-0"]
[WhiteElo "2684"]
[BlackElo "2462"]
[TimeControl "180+1"]
[EndTime "8:39:03 PST"]
[Termination "Ginger_GM won by resignation"]

1. d4 Nf6 2. Bg5 e6 3. Nf3 h6 4. Bxf6 Qxf6 5. e4 d6 6. Nc3 c6 7. e5 Qg6 8. h4 Be7 9. Bd3 f5 10.
exf6 Qxf6 11. Qe2 Na6 12. Ne4 Qf4 13. g3 Qf7 14. c3 Nc7 15. Ned2 Bd7 16. h5 O-O-O 17.
Bg6 Qf8 18. O-O-O Be8 19. Bc2 Bf7 20. Nh4 Bxh4 21. Rxh4 Qe7 22. f4 Rhe8 23. Re1 Qf6 24. Kb1 Qe7 25. Rh3 Qd7 26. g4 Kb8 27. Re3 Nd5 28. Re4 Nf6 29. Re3 Qc7 30. Ne4 Nxe4 31. Rxe4 d5 32. Re5 Bg8 33. g5 Rf8 34. Qg4 hxg5 35.
fxg5 Rf2 36. R5e2 Rdf8 37. Rxf2 Rxf2 38. Qh4 Qh2 39. Qxh2+ Rxh2 40. Bg6 Kc7 41. Rf1 e5 42.
dxe5 Be6 43. Bf7 Bg4 44. h6 gxh6 45. g6 Bh5 46. g7 Bxf7 47. Rxf7+ Kb6 48. g8=Q d4 49.
cxd4 Rh1+ 50. Kc2 Rh2+ 51. Kd3 Rh3+ 52. Kc4 Ka6 53. Qc8 Ka5 54. Qxb7 1-0